 Dungeon Crawl Stone Soup version 0.19.4 (webtiles) character file.

44 Naow the Firebug (level 3, -3/19 HPs)
             Began as a Deep Elf Fire Elementalist on Feb 5, 2017.
             Slain by a hound (4 damage)
             ... on level 4 of the Dungeon.
             The game lasted 00:01:54 (1127 turns).

Naow the Firebug (Deep Elf Fire Elementalist)       Turns: 1127, Time: 00:01:55

Health: -3/19      AC:  2    Str:  5    XL:     3   Next: 39%
Magic:  5/10       EV: 13    Int: 20    God:
Gold:   52         SH:  0    Dex: 15    Spells: 3 memorised, 3 levels left

rFire  . . .     SeeInvis .     (no weapon)
rCold  . . .     Gourm    .     a - +0 robe
rNeg   . . .     Faith    .     (no shield)
rPois  .         Spirit   .     (no helmet)
rElec  .         Reflect  .     (no cloak)
rCorr  .         Harm     .     (no gloves)
MR     .....                    (no boots)
Stlth  ++........               (no amulet)
                                (no ring)
                                (no ring)

@: no status effects
A: no striking features
a: no special abilities


You were on level 4 of the Dungeon.
You were not hungry.

You visited 1 branch of the dungeon, and saw 3 of its levels.

You collected 52 gold pieces.

Inventory:

Armour
 a - a +0 robe (worn)
 k - a +0 cloak
Jewellery
 e - an uncursed ring of stealth {unknown}
Scrolls
 d - 2 scrolls of noise {unknown}
 g - a scroll of teleportation {unknown}
 i - a scroll of identify {unknown}
 j - a scroll of amnesia {unknown}
 m - 2 scrolls of remove curse {unknown}
 n - a scroll of magic mapping {unknown}
 p - a scroll of enchant weapon {unknown}
Potions
 l - a potion of brilliance {unknown}
 o - a potion of cancellation {unknown}
Books
 b - a book of Flames

   Spells                             Type                      Level
   a - Flame Tongue                   Conjuration/Fire             1
   b - Throw Flame                    Conjuration/Fire             2
   c - Conjure Flame                  Conjuration/Fire             3
   d - Inner Flame                    Hexes/Fire                   3
   e - Sticky Flame                   Conjuration/Fire             4
   f - Fireball                       Conjuration/Fire             5
Comestibles
 c - 2 bread rations
 f - 5 chunks of flesh
 h - 2 beef jerkies
 q - a meat ration


   Skills:
 - Level 2.4 Dodging
 - Level 2.4 Stealth
 + Level 3.8 Spellcasting
 + Level 2.0 Conjurations
 + Level 4.1 Fire Magic


You had 3 spell levels left.
You knew the following spells:

 Your Spells              Type           Power        Failure   Level  Hunger
a - Flame Tongue          Conj/Fire      ###..        3%          1    None
b - Throw Flame           Conj/Fire      ###...       6%          2    ##.....
c - Conjure Flame         Conj/Fire      ###.....     12%         3    ###....


Dungeon Overview and Level Annotations

Branches:
Dungeon (2/15)

Altars:
Fedhas
Kikubaaqudgha


Message History

Aim: a hound (moderately wounded)
The flame tongue misses the hound.
The hound bites you. x2
Casting: Flame Tongue
Confirm with . or Enter, or press ? or * to list all spells.
Aiming: Flame Tongue
Press: ? - help, Shift-Dir - straight line, f/p - hound
Aim: a hound (moderately wounded)
The flame tongue hits the hound.
The hound appears unharmed.
The hound is moderately wounded.
The hound bites you.
* * * LOW HITPOINT WARNING * * *
Casting: Flame Tongue
Confirm with . or Enter, or press ? or * to list all spells.
Aiming: Flame Tongue
Press: ? - help, Shift-Dir - straight line, f/p - hound
Aim: a hound (moderately wounded)
The flame tongue misses the hound.
The hound bites you.
* * * LOW HITPOINT WARNING * * *
The hound bites you.
You die...

#... ....# #...
.^...# #...
...... ###...
.....#
##.....##......
#.>......$.....
............[..
...............
.......@.......
.......h.......
...............
..........$....
#..............
##....$.......#
#######.#####.
.#


You could see a hound.

Vanquished Creatures
  2 oozes (D:1)
  A ball python (D:2)
  3 giant cockroaches
  7 goblins
  2 hobgoblins
  4 jackals (D:1)
  3 kobolds (D:1)
  6 bats
  3 frilled lizards (D:1)
  2 rats (D:1)
33 creatures vanquished.

Notes
Turn   | Place    | Note
-------+----------+-------------------------------------------
     0 | D:1      | Naow the Deep Elf Fire Elementalist began the quest for the Orb.
     0 | D:1      | Reached XP level 1. HP: 10/10 MP: 6/6
    80 | D:1      | Reached XP level 2. HP: 15/15 MP: 6/8
   107 | D:1      | Learned a level 2 spell: Throw Flame
   520 | D:1      | Reached XP level 3. HP: 19/19 MP: 7/10
   526 | D:1      | Learned a level 3 spell: Conjure Flame
   645 | D:1      | Reached skill level 4 in Fire Magic
  1027 | D:2      | Found an ancient bone altar of Kikubaaqudgha.
  1028 | D:2      | Found a blossoming altar of Fedhas.
  1119 | D:2      | You fall through a shaft for 2 floors!
  1127 | D:4      | Slain by a hound

Skill      XL: |  1  2  3 |
---------------+----------+-----
Fire Magic     | 4 |  4.1
Conjurations   | 2 |  2.0
Dodging        | |  2.4
Stealth        | |  2.4
Spellcasting   | |  3.8

Action                   || total
-------------------------++-------
Melee: Unarmed           ||     3
 Cast: Flame Tongue      ||    54
Armor: Robe              ||     8
Dodge: Dodged            ||    14
